 Dungeon Crawl Stone Soup version 0.31.0-12-g77e489cdc1 (webtiles) character file.

Game seed: 1442698134171964943

26 Curundu the Trooper (level 2, -2/40 HPs)
             Began as a Minotaur Berserker on Mar 1, 2024.
             Was a Follower of Trog.
             Slain by a ribbon worm (8 damage)
             ... on level 2 of the Dungeon.
             The game lasted 00:02:46 (1076 turns).

Curundu the Trooper (Minotaur Berserker)            Turns: 1076, Time: 00:02:46

Health: -2/40      AC:  2    Str: 21    XL:     2   Next: 89%
Magic:  1/1        EV: 11    Int:  4    God:    Trog [*.....]
Gold:   45         SH:  5    Dex:  9    Spells: 1/1 levels left

rFire   . . .        a - +0 hand axe
rCold   . . .        e - +2 buckler
rNeg    . . .        b - +0 animal skin
rPois   .            (helmet restricted)
rElec   .            (no cloak)
rCorr   .            (no gloves)
SInv    .            (no boots)
Will    .....        (no amulet) Stlth
                     (no ring)
HPRegen 0.26/turn    (no ring)
MPRegen 0.07/turn

%: no passive effects
@: berserking, lethally poisoned (-2 -> -4), very quick
A: horns 2, retaliatory headbutt
a: Renounce Religion, Berserk


You were on level 2 of the Dungeon.
You worshipped Trog.
Trog was aware of your devotion.
You visited 1 branch of the dungeon, and saw 2 of its levels.

You collected 45 gold pieces.

Inventory:

Hand Weapons
 a - a +0 hand axe (weapon)
Missiles
 j - 4 boomerangs (quivered)
Armour
 b - a +0 animal skin (worn)
 e - a +2 buckler (worn)
Scrolls
 d - a scroll of teleportation {unknown}
 h - a scroll of silence {unknown}
 i - a scroll of fear {unknown}
Potions
 c - a potion of mutation {unknown}
 f - a potion of brilliance {unknown}
 g - a potion of lignification {unknown}


   Skills:
 + Level 4.2 Fighting
 + Level 4.2 Axes
 + Level 2.5 Armour
 + Level 2.5 Dodging
 + Level 0.2 Shields


You had one spell level left.
You didn't know any spells.
Your spell library was empty.

Dungeon Overview and Level Annotations

Branches:
Dungeon (2/15)

Altars:

Shops:
D:1 [


Innate Abilities, Weirdness & Mutations

You have a pair of horns on your head.
You reflexively headbutt those who attack you in melee.


Message History

Trog accepts your kill. You block the bat's attack.
The kobold hits you with a +0 short sword.
The bat closely misses you. The adder bites you.
You hit the kobold.
You kill the kobold!
Trog accepts your kill.
You miss the bat. You closely miss the adder.
The bat hits you but does no damage. The adder bites you.
You are poisoned.
The adder poisons you! The bat hits you but does no damage.
You block the adder's attack.
You hit the ribbon worm but do no damage.
You barely miss the adder. You barely miss the bat.
You feel sick. The bat closely misses you. You furiously retaliate!
You headbutt the bat!
You kill the bat!
Trog accepts your kill.
The ribbon worm expels a string of sticky webbing.
You block the stream of webbing. The adder bites you.
* * * LOW HITPOINT WARNING * * *
A red film seems to cover your vision as you go berserk!
You feel yourself moving faster!
You feel mighty!
You feel sick. The adder barely misses you. You furiously retaliate!
You headbutt the adder. You block the ribbon worm's attack.
You barely miss the ribbon worm. You miss the adder.
You barely miss the goblin.
You feel sick. The adder bites you but does no damage.
The ribbon worm barely misses you.
You slash the ribbon worm!
The ribbon worm is heavily wounded.
You closely miss the adder. You barely miss the goblin.
You feel sick. The adder bites you.
* * * LOW HITPOINT WARNING * * *
The goblin barely misses you. You furiously retaliate!
You headbutt the goblin.
You kill the goblin!
Trog accepts your kill.
You barely miss the ribbon worm.
The ribbon worm is heavily wounded.
You closely miss the adder.
You feel sick. The adder closely misses you. The ribbon worm bites you!
You die...

.. #.# .###.# #
..#.# .#
##.#.####.##
.###.)...#.....
..#............
........?......
.......@w......
......S$)......
................
.#..............
.................
...#............
...##..[..#.....
....###.##.###.
..#.##..[..###.


You could see a ribbon worm (catching breath) and an adder.

Vanquished Creatures
  A dart slug (D:1)
  A ball python (D:1)
  4 bats
  An endoplasm (D:1)
  3 hobgoblins
  3 kobolds
  A quokka (D:2)
  4 goblins
  2 rats (D:1)
20 creatures vanquished.

Notes
Turn   | Place    | Note
-------+----------+-------------------------------------------
     0 | D:1      | Curundu the Minotaur Berserker began the quest for the Orb.
     0 | D:1      | Reached XP level 1. HP: 19/19 MP: 0/0
    12 | D:1      | Found Xiubiruk's Armour Shop.
   295 | D:1      | Reached XP level 2. HP: 27/27 MP: 1/1
  1076 | D:2      | Slain by a ribbon worm

Illustrated notes

Levels and vault maps discovered:
D:1:      psy_arrival_fountain, layout_loops_corners, serial_shops,
          nicolae_shop_gibbet_a_chance
D:2:      layout_rooms, serial_shops, nicolae_shop_just_a_little_nook, shop

Skill      XL: |  1  2 |
---------------+-------+-----
Fighting       | 4 |  4.2
Axes           | 4 |  4.2
Armour         | |  2.5
Dodging        | |  2.5
Shields        | |  0.2

Action                     || total
---------------------------++-------
  Melee: Hand axe          ||    33
         Headbutt          ||     3
 Invoke: Berserk           ||     1
 Armour: Animal skin       ||    29
  Dodge: Dodged            ||    28
  Block: Buckler           ||     9
